 Dungeon Sprint DCSS version 0.21.1-1-g345015f (webtiles) character file.

195 Fang the Fighter (level 5, -12/57 HPs)
             Began as a Minotaur Berserker on June 14, 2018.
             Was a Believer of Trog.
             Mangled by a merfolk
             ... wielding a cursed -1 trident
              (15 damage)
             ... in the Dungeon (Sprint V: "Ziggurat Sprint").
             The game lasted 00:00:34 (125 turns).

Fang the Fighter (Minotaur Berserker)                Turns: 125, Time: 00:00:34

Health: -12/57     AC: 17    Str: 28    XL:     5   Next: 45%
Magic:  4/4        EV: 10    Int:  4    God:    Trog [**....]
Gold:   0          SH:  0    Dex: 10    Spells: 4/4 levels left

rFire    . . .     SeeInvis .   l - +5 demon trident
rCold    . . .     Gourm    .   (no shield)
rNeg     . . .     Faith    .   j - +5 shadow dragon scales
rPois    .         Spirit   .   (helmet restricted)
rElec    .         Reflect  .   (no cloak)
rCorr    .         Harm     .   (no gloves)
MR       .....     NoTele   +   (no boots)
Stlth    ++........             (no amulet)
HPRegen  0.19/turn              G - ring of flight
MPRegen  0.09/turn              F - +6 ring of strength

@: berserk cooldown, slowed, very slow
A: retaliatory headbutt, horns 2
a: Berserk, Trog's Hand, Burn Spellbooks, Renounce Religion, Evoke Flight


You were in the Dungeon.
You worshipped Trog.
Trog was pleased with you.
You were not hungry.

You visited 1 branch

Inventory:

Hand Weapons
 k - a +5 executioner's axe
 l - a +5 demon trident (weapon)
Armour
 j - +5 shadow dragon scales (worn)
Jewellery
 F - a +6 ring of strength (right hand)
 G - a ring of flight (left hand)
Wands
 x - a wand of disintegration (7)
 y - a wand of iceblast (7)
 z - a wand of acid (7)
Scrolls
 i - 4 scrolls of blinking
 m - 7 scrolls of fog
 n - a scroll of holy word
 o - 5 scrolls of identify
 p - 5 scrolls of remove curse
 q - 2 scrolls of fear
Potions
 d - 10 potions of curing
 e - 10 potions of heal wounds
 f - 6 potions of haste
 g - 7 potions of magic
 h - 3 potions of berserk rage
 r - 2 potions of brilliance
 s - 2 potions of invisibility
 t - 5 potions of resistance
 u - a potion of experience
 v - 5 potions of agility
 w - 5 potions of might
Comestibles
 a - 7 chunks of flesh
 c - 7 rations


   Skills:
 + Level 9.0 Fighting
 + Level 8.8(9.1) Axes
 + Level 3.0(6.3) Polearms
 + Level 5.2 Armour
 + Level 4.4 Dodging


You had 4 spell levels left.
You didn't know any spells.

Dungeon Overview and Level Annotations

Branches:
Dungeon (1/1)

Altars:
Ashenzari
Cheibriados
Dithmenos
Elyvilon
Fedhas
Gozag
Hepliaklqana
Kikubaaqudgha
Makhleb
Nemelex Xobeh
Okawaru
Qazlal
Ru
Sif Muna
Trog
Uskayaw
Vehumet
Wu Jian
Xom
Yredelemnul
Zin
The Shining One
Beogh
Jiyva
Lugonu

Annotations:
D 1 transporter


Innate Abilities, Weirdness & Mutations

You reflexively headbutt those who attack you in melee.
You have a pair of horns on your head.


Message History

You reach to attack!
You puncture the merfolk!
The merfolk is severely wounded.
The merfolk hits you but does no damage.
The merfolk hits you from afar with a trident. x2
The merfolk hits you but does no damage.
Unknown command.
Attack whom?
Press: ? - help, Dir - move target cursor, f/p - merfolk
Aim: a merfolk, wielding a trident (severely wounded)
You reach to attack!
You puncture the merfolk!
The merfolk is severely wounded.
The merfolk hits you from afar with a trident.
The merfolk hits you from afar with a trident!
* * * LOW HITPOINT WARNING * * *
The merfolk hits you from afar with a trident.
* * * LOW HITPOINT WARNING * * *
The merfolk hits you from afar with a trident.
* * * LOW HITPOINT WARNING * * *
The merfolk hits you from afar with a trident!
You die...

▓▓▓▓▓▓▓▓▓▓▓▓▓
▓.8©8.▓.8©8.▓
▓.})!.▓.....▓
▓.....▓.).}.▓
▓.....▓.)...▓
▓.mmm.▓..)..▓
▓.....▓..©..▓
▓..@..▓▓▓▓▓▓▓
▓▓▓▓▓▓▓


You could see 3 merfolk.

Vanquished Creatures
  Sigmund (D)
  Jessica (D)
2 creatures vanquished.

Notes
Turn   | Place    | Note
-------+----------+-------------------------------------------
     0 | D        | Found the +6 Majin-Bo {vamp, Archmagi MP+6 Int+6}
     0 | D        | Found the +7 great mace "Firestarter" {inner flame, rF++}
     0 | D        | Fang the Minotaur Berserker began the quest for the Orb.
     0 | D        | Reached XP level 1. HP: 19/19 MP: 0/0
     3 | D        | Found a blossoming altar of Fedhas.
     4 | D        | Found a viscous altar of Jiyva.
     4 | D        | Found a hazy altar of Hepliaklqana.
     4 | D        | Found a transporter.
     4 | D        | Found an opulent altar of Gozag.
     4 | D        | Found an ancient bone altar of Kikubaaqudgha.
     4 | D        | Found a corrupted altar of Lugonu.
    10 | D        | Found a burning altar of Makhleb.
    11 | D        | Found a stormy altar of Qazlal.
    11 | D        | Found a sacrificial altar of Ru.
    11 | D        | Found an iron altar of Okawaru.
    11 | D        | Found a deep blue altar of Sif Muna.
    11 | D        | Found a sparkling altar of Nemelex Xobeh.
    11 | D        | Found a bloodstained altar of Trog.
    73 | D        | Entered arena 2.
    73 | D        | Noticed Sigmund
    73 | D        | Noticed Jessica
    73 | D        | Found a transporter.
    76 | D        | Killed Jessica
    76 | D        | Reached skill level 5 in Fighting
    76 | D        | Reached skill level 5 in Axes
    76 | D        | Reached skill level 1 in Polearms
    76 | D        | Reached XP level 2. HP: 29/29 MP: 1/1
    84 | D        | Killed Sigmund
    84 | D        | Reached ** piety under Trog
    84 | D        | Reached skill level 9 in Fighting
    84 | D        | Reached skill level 5 in Armour
    84 | D        | Reached XP level 3. HP: 42/42 MP: 2/2
    84 | D        | Reached XP level 4. HP: 50/50 MP: 3/3
    84 | D        | Reached XP level 5. HP: 57/57 MP: 4/4
   115 | D        | Entered arena 3.
   115 | D        | Noticed a merfolk
   115 | D        | Noticed a merfolk
   115 | D        | Noticed a merfolk
   115 | D        | Found a transporter.
   125 | D        | Mangled by a merfolk

Skill      XL: |  1  2 |
---------------+-------+-----
Fighting       | 5 9 |  9.0
Axes           | 5 8 |  8.8
Polearms       | 1 3 |  3.0
Armour         | 3 5 |  5.2
Dodging        | 4 |  4.4

Action                   |  1- 3 |  4- 6 || total
-------------------------+-------+-------++-------
Melee: Demon trident     |     7 |     6 ||    13
       Headbutt          |     2 |       ||     2
Invok: Berserk           |     1 |     1 ||     2
Armor: Shadow dragon sca |     4 |     8 ||    12
Dodge: Dodged            |       |     6 ||     6
